 Dungeon Crawl Stone Soup version 0.31-a0-175-g9f7f995f2b (webtiles) character file.

Game seed: 1600806915919617510

7150 mopl the Covert (level 11, -22/56 HPs)
             Began as a Vine Stalker Enchanter on June 17, 2023.
             Was a High Priest of Kikubaaqudgha.
             Hit by a large rock thrown by a cyclops (23 damage)
             ... on level 9 of the Dungeon.
             The game lasted 00:17:45 (8184 turns).

mopl the Covert (Vine Stalker Enchanter)            Turns: 8184, Time: 00:17:45

Health: -22/56     AC:  8    Str: 11    XL:     11   Next: 10%
Magic:  0/24       EV: 12    Int: 19    God:    Kikubaaqudgha [*****.]
Gold:   221        SH:  0    Dex: 15    Spells: 11/26 levels left

rFire   . . .        a - +1 dagger (venom)
rCold   + . .        (no shield)
rNeg    . . .        Q - +0 steam dragon scales
rPois   .            (no helmet)
rElec   .            f - +2 cloak
rCorr   .            (no gloves)
SInv    .            (no boots)
Will    ++...        r - amulet of faith {!P}
Stlth   +++++        k - ring of protection from cold
HPRegen 1.09/turn    q - ring of willpower
MPRegen 0.19/turn

%: guardian spirit, faith
@: lethally poisoned (-22 -> -22)
A: fangs 3, regeneration 1, magic shield, antimagic bite, no potion heal 2
a: Renounce Religion, Unearth Wretches, Torment


You were on level 9 of the Dungeon.
You worshipped Kikubaaqudgha.
Kikubaaqudgha was extremely pleased with you.
You visited 2 branches of the dungeon, and saw 10 of its levels.
You also visited: Bailey.

You collected 474 gold pieces.
You spent 253 gold pieces at shops.

Inventory:

Hand Weapons
 a - a +1 dagger of venom (weapon)
 b - a +2 dagger of freezing
 p - a +1 dagger of protection
Missiles
 h - 12 poisoned darts
 z - 16 boomerangs
 C - 3 javelins
Armour
 f - a +2 cloak (worn)
 M - a +2 leather armour of fire resistance
 P - +2 fire dragon scales
 Q - +0 steam dragon scales (worn)
Jewellery
 k - a ring of protection from cold (left hand)
 q - a ring of willpower (right hand)
 r - an amulet of faith (around neck) {!P}
 x - a ring of willpower
 D - a ring of resist corrosion
Wands
 s - a wand of digging (3)
 t - a wand of roots (13)
 L - a wand of acid (7)
 R - a wand of flame (6)
Scrolls
 d - 5 scrolls of revelation {unknown}
 e - 2 scrolls of torment {unknown}
 i - a scroll of blinking {unknown}
 l - 3 scrolls of identify
 n - 5 scrolls of teleportation
 o - 4 scrolls of fog {unknown}
 v - 2 scrolls of vulnerability
 w - 2 scrolls of poison
 y - a scroll of enchant weapon
 A - 2 scrolls of noise {unknown}
 B - a scroll of enchant armour {unknown}
 E - 2 scrolls of immolation
 F - a scroll of amnesia
 H - 2 scrolls of fear {unknown}
 I - 3 scrolls of silence {unknown}
 K - 2 scrolls of brand weapon {unknown}
Potions
 c - 2 potions of invisibility
 g - a potion of berserk rage {!q}
 j - a potion of cancellation
 m - 7 potions of curing
 u - 2 potions of enlightenment
 G - a potion of brilliance
 J - 2 potions of lignification {!q}
 N - 2 potions of mutation {!q}
 O - a potion of heal wounds


   Skills:
 + Level 5.2 Fighting
 + Level 5.0 Short Blades
 - Level 1.5 Dodging
 * Level 11.0 Stealth
 * Level 8.2 Spellcasting
 * Level 8.5 Hexes
 + Level 5.0 Necromancy


You had 11 spell levels left.
You knew the following spells:

 Your Spells              Type           Power      Damage    Failure   Level
a - Anguish               Hex/Necr       16%        N/A       5%          4
b - Ensorcelled Hibernat  Hex/Ice        48%        N/A       2%          2
c - Confusing Touch       Hex            40%        N/A       1%          3
d - Tukima's Dance        Hex            40%        N/A       1%          3
f - Dazzling Flash        Conj/Hex       48%        N/A       4%          3

Your spell library contained the following spells:

 Spells                   Type           Power      Damage    Failure   Level
 Necrotise                Necr           100%       1d9       1%          1
 Sublimation of Blood     Necr           27%        N/A       1%          2
 Kiss of Death            Conj/Necr      68%        2d10      3%          1
 Vampiric Draining        Necr           27%        2d7       3%          3
 Apportation              Tloc           14%        N/A       9%          1
 Magic Dart               Conj           28%        1d4       9%          1
 Summon Small Mammal      Summ           28%        N/A       9%          1
 Animate Dead             Necr           27%        N/A       11%         4
 Dispel Undead            Necr           27%        3d13      11%         4
 Searing Ray              Conj           14%        2d5       14%         2
 Fulminant Prism          Conj/Hex       12%        3d8       16%         4
 Agony                    Necr           27%        N/A       30%         5
 Silence                  Hex/Air        12%        N/A       38%         5
 Passage of Golubria      Tloc           7%         N/A       65%         4
 Petrify                  Tmut/Erth      7%         N/A       65%         4
 Irradiate                Conj/Tmut      3%         3d12      94%         5
 Simulacrum               Ice/Necr       8%         N/A       99%         6
 Lehudib's Crystal Spear  Conj/Erth      3%         10d3      100%        8


Dungeon Overview and Level Annotations

Branches:
Dungeon (9/15)             Temple (1/1) D:4          Bailey (visited)
   Lair: D:8-11         Orc: D:9-12

Altars:
Ashenzari
Cheibriados
Dithmenos
Elyvilon
Fedhas
Gozag
Hepliaklqana
Kikubaaqudgha
Makhleb
Nemelex Xobeh
Okawaru
Qazlal
Ru
Sif Muna
Trog
Uskayaw
Vehumet
Wu Jian
Xom
Yredelemnul
Zin
The Shining One

Shops:
D:1 ?

Annotations:
D:3 2 transporters, Roalbala's ghost, amateur DrTm


Innate Abilities, Weirdness & Mutations

You have razor-sharp teeth.
Your natural rate of healing is unusually fast.
When hurt, damage is shared between your health and your magic reserves.
Your bite disrupts and absorbs the magic of your enemies.
Potions cannot restore your health.


Message History

Unknown command.
Casting: Tukima's Dance (safe; 1% risk of failure)
Confirm with . or Enter, or press ? or * to list all spells.
Casting: Dazzling Flash (dangerous; 4% risk of failure)
Press: ? - help, Dir - look around, f - activate The bullfrog is dazzled.
The kobold is dazzled.
You feel very sick. The bullfrog barely misses you.
A cyclops comes into view.
The kobold barely misses you.
The kobold hits you with a +0 short sword.
Unknown command.
You hit the bullfrog but do no damage. You bite the bullfrog.
You kill the bullfrog!
Kikubaaqudgha accepts your kill.
You feel sick. The kobold hits you with a +0 whip.
The kobold hits you with a +0 short sword.
Unknown command.
You are too injured to fight recklessly!
You feel sick. The kobold misses you.
You feel sick. The kobold hits you but does no damage.
The kobold brigand hits you with a +0 short sword.
The kobold attacks as you move away! The kobold misses you.
Found a scroll labelled NIKU FOTADAUR.
You feel sick.
The kobold throws a poisoned dart.
The poisoned dart hits you!
You are more poisoned.
The kobold attacks as you move away! The kobold misses you.
You feel very sick.
The kobold brigand hits you with a +0 short sword.
The kobold brigand attacks as you move away!
The kobold brigand hits you but does no damage.
The kobold attacks as you move away! The kobold barely misses you.
You feel sick.
You feel sick.
The kobold is no longer blind.
You feel sick.
You feel sick.
The cyclops throws a large rock.
The large rock hits you!!
* * * LOW HITPOINT WARNING * * *
You feel sick.
The cyclops throws a large rock.
The large rock hits you!!
You die...
Kikubaaqudgha rasps: "You have failed me!
Welcome... death!"

o##. .. .$. #.. #.. ..##
.# #.# . #..###
.....###..
..#####....###......... #
....#...............#.##
......[...............#.
##..@.....C........#.
##...#................
#..K##................
##.K...K..............
##...K....†...........
..................#.#...
...?...............###...
..................###....
..................###...#


You could see a cyclops and 3 kobolds.

Vanquished Creatures
  A two-headed ogre (Bailey)
  10 yaks
  5 spriggans (Bailey)
  A steam dragon (Bailey)
  An orc warrior (D:8)
  3 sky beasts
  8 ogres
  2 phantoms
  A kobold brigand (D:8)
  2 bullfrogs
  A gnoll sergeant (D:8)
  4 scorpions
  7 wights
  10 killer bees
  2 hounds (D:6)
  4 orc priests (D:8)
  A gnoll bouda (D:7)
  Crazy Yiuf (D:5)
  3 jellies
  5 iguanas
  7 orc wizards
  16 gnolls
  11 adders
  A shadow imp (D:6)
  An ufetubus (D:2)
  3 dart slugs
  17 orcs
  7 ball pythons
  9 bats
  5 endoplasms
  10 goblins
  3 hobgoblins
  8 jackals
  19 kobolds
  2 quokkas
  3 frilled lizards (D:1)
  11 rats
205 creatures vanquished.

Vanquished Creatures (collateral kills)
  A two-headed ogre (D:7)
  2 ogres (Bailey)
  A wight (D:7)
  A gnoll (D:2)
5 creatures vanquished.

Vanquished Creatures (others)
  5 dancing weapons
5 creatures vanquished.

Grand Total: 215 creatures vanquished

Notes
Turn   | Place    | Note
-------+----------+-------------------------------------------
     0 | D:1      | mopl the Vine Stalker Enchanter began the quest for the
                  | Orb.
     0 | D:1      | Reached XP level 1. HP: 9/9 MP: 4/4
    60 | D:1      | Reached skill level 1 in Short Blades
    61 | D:1      | Reached XP level 2. HP: 9/13 MP: 6/6
    77 | D:1      | Learned a level 2 spell: Ensorcelled Hibernation
   184 | D:1      | Reached skill level 4 in Stealth
   214 | D:1      | Found Coaseal's Magic Scroll Emporium.
   304 | D:1      | Reached XP level 3. HP: 15/17 MP: 5/7
   319 | D:1      | Learned a level 3 spell: Confusing Touch
   497 | D:1      | Bought a scroll of teleportation for 33 gold pieces
   774 | D:2      | Gained mutation: Your natural rate of healing is unusually
                  | fast. [Vine Stalker growth]
   774 | D:2      | Reached XP level 4. HP: 21/21 MP: 7/9
   824 | D:2      | Learned a level 3 spell: Tukima's Dance
   844 | D:2      | You fall into a shaft and drop 2 floors!
   918 | D:4      | Found a staircase to the Ecumenical Temple.
   944 | Temple   | Entered the Ecumenical Temple
  1161 | Temple   | Became a worshipper of Kikubaaqudgha
  1223 | D:4      | Identified the +2 ring mail of Yta Siut {Str+5}
  1265 | D:3      | Reached skill level 1 in Fighting
  1270 | D:3      | Reached skill level 3 in Spellcasting
  1295 | D:3      | Found a sacrificial altar of Ru.
  1295 | D:3      | Found a snail-covered altar of Cheibriados.
  1380 | D:2      | Reached XP level 5. HP: 25/25 MP: 6/10
  1783 | D:1      | Bought a scroll of identify for 22 gold pieces
  1783 | D:1      | Bought a scroll of vulnerability for 44 gold pieces
  1783 | D:1      | Bought a scroll of poison for 44 gold pieces
  1823 | D:3      | Found a transporter.
  1895 | D:3      | Reached skill level 5 in Stealth
  1919 | D:3      | Found a transporter.
  1957 | D:2      | Reached skill level 4 in Hexes
  1967 | D:2      | Reached * piety under Kikubaaqudgha
  1967 | D:2      | Received a gift from Kikubaaqudgha
  2325 | D:3      | Reached XP level 6. HP: 28/30 MP: 8/12
  2554 | D:3      | Noticed an ancient zyme
  2572 | D:3      | Noticed Roalbala's ghost (amateur DrTm)
  2875 | D:4      | Identified the +1 scale mail "Xosk" {rC+ Will+ Int+3}
  3315 | D:4      | Noticed a yak
  3328 | D:4      | Killed a yak
  3329 | D:4      | Reached skill level 2 in Fighting
  3329 | D:4      | Reached skill level 2 in Short Blades
  3329 | D:4      | Reached skill level 4 in Spellcasting
  3329 | D:4      | Reached skill level 1 in Necromancy
  3329 | D:4      | Reached XP level 7. HP: 22/35 MP: 5/14
  3399 | D:4      | Reached skill level 6 in Stealth
  3408 | D:4      | Reached ** piety under Kikubaaqudgha
  3790 | D:5      | Entered Level 5 of the Dungeon
  3899 | D:5      | Reached skill level 5 in Hexes
  3929 | D:5      | Gained mutation: You have razor-sharp teeth. [Vine Stalker
                  | growth]
  3929 | D:5      | Reached XP level 8. HP: 34/39 MP: 13/16
  3952 | D:5      | Found an ornate altar of the Wu Jian Council.
  3993 | D:5      | Found a runed translucent door.
  3994 | D:5      | Noticed Crazy Yiuf
  4017 | D:5      | Reached skill level 2 in Necromancy
  4134 | D:5      | Found a radiant altar of Vehumet.
  4169 | D:5      | Found a blossoming altar of Fedhas.
  4237 | D:5      | Found a stormy altar of Qazlal.
  4282 | D:5      | Killed Crazy Yiuf
  4283 | D:5      | Reached skill level 7 in Stealth
  4374 | D:1      | Bought a scroll of immolation for 44 gold pieces
  4374 | D:1      | Bought a scroll of amnesia for 44 gold pieces
  4374 | D:1      | Bought a scroll of identify for 22 gold pieces
  4479 | D:6      | Reached skill level 5 in Spellcasting
  4579 | D:6      | Reached skill level 3 in Short Blades
  4658 | D:6      | Reached skill level 3 in Fighting
  5199 | D:6      | Learned a level 3 spell: Dazzling Flash
  5287 | D:7      | Noticed a two-headed ogre
  5336 | D:6      | Reached skill level 6 in Hexes
  5370 | D:7      | Reached XP level 9. HP: 36/44 MP: 9/18
  5442 | D:7      | Reached skill level 8 in Stealth
  5469 | D:7      | Reached skill level 3 in Necromancy
  5722 | D:7      | Killed a two-headed ogre
  5723 | D:7      | Reached skill level 6 in Spellcasting
  5764 | D:7      | Reached *** piety under Kikubaaqudgha
  5764 | D:7      | Received a gift from Kikubaaqudgha
  5847 | D:7      | Reached skill level 4 in Fighting
  5855 | D:7      | Reached skill level 9 in Stealth
  5938 | D:8      | Reached skill level 4 in Short Blades
  6065 | D:8      | Reached skill level 7 in Hexes
  6085 | D:8      | Reached XP level 10. HP: 30/50 MP: 11/21
  6087 | D:8      | Reached skill level 4 in Necromancy
  6094 | D:8      | Reached skill level 7 in Spellcasting
  6488 | D:8      | Found a white marble altar of Elyvilon.
  6490 | D:8      | Found a glowing golden altar of the Shining One.
  6490 | D:8      | Found a glowing silver altar of Zin.
  6540 | D:8      | Found a bloodstained altar of Trog.
  6563 | D:8      | Reached **** piety under Kikubaaqudgha
  6593 | D:8      | Found a sparkling altar of Nemelex Xobeh.
  7278 | D:9      | Noticed a two-headed ogre
  7297 | D:9      | Reached skill level 10 in Stealth
  7351 | D:9      | Found a flagged portal.
  7379 | Bailey   | Entered a bailey
  7446 | Bailey   | Learned a level 4 spell: Anguish
  7480 | Bailey   | Reached skill level 8 in Hexes
  7681 | Bailey   | HP: 2/51 [ogre/+0 glaive (15)]
  7691 | Bailey   | Reached ***** piety under Kikubaaqudgha
  7812 | Bailey   | Reached skill level 5 in Fighting
  7900 | Bailey   | Reached skill level 8 in Spellcasting
  8013 | Bailey   | Reached XP level 11. HP: 55/55 MP: 22/24
  8049 | Bailey   | Noticed a two-headed ogre
  8064 | Bailey   | Killed a two-headed ogre
  8065 | Bailey   | Reached skill level 5 in Short Blades
  8065 | Bailey   | Reached skill level 11 in Stealth
  8065 | Bailey   | Reached skill level 5 in Necromancy
  8174 | D:9      | Noticed a cyclops
  8183 | D:9      | HP: 1/56 [cyclops/large rock (16)]
  8184 | D:9      | Hit by a large rock thrown by a cyclops

Illustrated notes

Levels and vault maps discovered:
D:1:      dpeg_arrival_shrine, layout_rooms, serial_shops, shop, st_stairs_9
D:2:      layout_basic, kennysheep_generic_room_11
D:3:      layout_basic, mainiacjoe_overflow_large_starburst,
          gammafunk_ghost_abyssal_escape, hangedman_abyss_or_decor_stabs
D:4:      cheibrodos_barr_body, layout_layer_cave,
          minmay_temple_entry_antechambers
D:5:      layout_rooms, mainiacjoe_overflow_alcove_2,
          mainiacjoe_overflow_cross_hatched, fedhas_altar_1,
          nicolae_qazlal_eye_of_the_storm, uniq_crazy_yiuf_cottage
D:6:      layout_loops_ring
D:7:      layout_cave_pools
D:8:      layout_loops_ring, dreamdust_divine_triumvirate,
          mainiacjoe_overflow_catwalk_spiral, grunt_ministairs_4
D:9:      layout_cave_pools, enter_bailey_4, minmay_fractal_squares_5
Temple:   minmay_temple_curvy_loop

Skill      XL: |  1  2  3  4  5  6  7  8  9 10 11 |
---------------+----------------------------------+-----
Short Blades   | 1 2 3 4 5 |  5.0
Stealth        | 4 5 6 7 9 10 11 | 11.0
Fighting       | 1 2 3 4 5 |  5.2
Spellcasting   | 3 4 5 6 8 |  8.2
Hexes          | 4 5 6 7 8 |  8.5
Necromancy     | 1 2 3 4 5 |  5.0
Dodging        | |  1.5

Action                     |  1- 3 |  4- 6 |  7- 9 | 10-12 || total
---------------------------+-------+-------+-------+-------++-------
  Melee: Dagger            |   105 |   140 |   262 |   201 ||   708
         Bite              |    17 |    34 |    98 |    60 ||   209
         Punch             |       |       |     7 |     1 ||     8
   Cast: Ensorcelled Hiber |     1 |    10 |    42 |    34 ||    87
         Tukima's Dance    |       |     2 |    11 |    18 ||    31
         Confusing Touch   |       |       |     3 |     1 ||     4
         Dazzling Flash    |       |       |       |     1 ||     1
  Evoke: Wand              |       |       |       |     5 ||     5
    Use: Scroll            |       |     4 |     1 |     4 ||     9
         Potion            |       |       |       |     2 ||     2
   Stab: Sleeping          |     7 |     8 |    16 |    19 ||    50
         Confused          |       |       |     3 |     1 ||     4
         Distracted        |       |       |     2 |       ||     2
 Armour: Robe              |    35 |    52 |    61 |    31 ||   179
         Steam dragon scal |       |       |       |     6 ||     6
  Dodge: Dodged            |    87 |    94 |   134 |   116 ||   431

Table legend: (Time is in decaauts)
 A = Elapsed time spent in this place.
 B = Non-inter-level travel time spent in this place.
 C = Inter-level travel time spent in this place.
 D = Time resting spent in this place.
 E = Time spent auto-exploring this place.
 F = Levels seen in this place.
 G = Mean time per level.
                   A        B        C        D        E       F      G
               +--------+--------+--------+--------+--------+-----+--------+
         Total |   8117 |   7505 |    612 |    848 |   4392 |  11 |  737.9 |
       Dungeon |   7114 |   6561 |    553 |    479 |   4154 |   9 |  790.4 |
        Temple |    258 |    199 |     59 |      0 |    195 |   1 |  258.0 |
        Bailey |    744 |    744 |      0 |    369 |     42 |   1 |  744.0 |
               +--------+--------+--------+--------+--------+-----+--------+

Top non-repeatable levels by time:
     D:8: 1297 daAuts
     D:4: 1229 daAuts
     D:3: 1042 daAuts
     D:6: 826 daAuts
  Bailey: 744 daAuts
     D:2: 710 daAuts
     D:1: 626 daAuts
     D:7: 601 daAuts
     D:5: 565 daAuts
  Temple: 258 daAuts
     D:9: 212 daAuts
